 Dungeon Crawl Stone Soup version 0.16-a0-3939-g9a3e665 (webtiles) character file.

21425 Minkie the Jinx (level 12, -5/86 HPs)
             Began as a Vampire Enchanter on Feb 5, 2015.
             Was the Champion of Kikubaaqudgha.
             Slain by an orc warrior
             ... wielding a +0 halberd
              (22 damage)
             ... on level 4 of the Orcish Mines on Feb 6, 2015.
             The game lasted 01:56:45 (20387 turns).

Minkie the Jinx (Vampire Enchanter)                Turns: 20387, Time: 01:56:45

Health: -5/86      AC: 13    Str:  7    XL:     12   Next: 54%
Magic:  16/27      EV: 17    Int: 21    God:    Kikubaaqudgha [******]
Gold:   1903       SH:  0    Dex: 16    Spells: 6 memorised, 4 levels left

rFire  + . .     SeeInvis +     a - +2 dagger (speed)
rCold  + . .     Clarity  .     q - +2 leather armour {rF+}
rNeg   + + +     SustAb   .     (no shield)
rPois  +         Gourm    .     F - +0 helmet
rElec  .         Spirit   .     E - +0 cloak
rCorr  .         Warding  +     L - +2 pair of gloves
rMut   .         Stasis   .     C - +2 pair of boots
MR     +....                    I - amulet of warding
Stlth  ++++......               p - ring of wizardry
                                D - +2 ring of dexterity

@: very slightly contaminated, regenerating slowly, somewhat resistant to
hostile enchantments, stealthy
A: bottle blood, fangs 3, see invisible, unbreathing
a: Bat Form, Receive Corpses, Torment, Renounce Religion


You were on level 4 of the Orcish Mines.
You worshipped Kikubaaqudgha.
Kikubaaqudgha was exalted by your worship.
You were very thirsty.

You visited 5 branches of the dungeon, and saw 20 of its levels.

You collected 1970 gold pieces.
You spent 67 gold pieces at shops.

Inventory:

Hand weapons
 a - a +2 dagger of speed (weapon)
Missiles
 n - 5 tomahawks (quivered)
Armour
 q - a +2 leather armour of fire resistance (worn)
 y - a +0 leather armour of cold resistance
 C - a +2 pair of boots (worn)
 E - a +0 cloak (worn)
 F - a +0 helmet (worn)
 L - a +2 pair of gloves (worn)
Rods
 m - a +3 rod of ignition (9/9)
   (You found it on level 2 of the Lair of Beasts)
Jewellery
 p - a ring of wizardry (right hand)
 D - a +2 ring of dexterity (left hand)
 I - an amulet of warding (around neck)
Magical devices
 B - a wand of teleportation (9)
Scrolls
 f - 5 scrolls of fear
 h - 9 scrolls of remove curse
 i - 2 scrolls of magic mapping
 j - 5 scrolls of teleportation
 l - 2 scrolls of enchant weapon
 u - 2 scrolls of enchant armour
Potions
 d - 9 potions of blood
 g - 4 potions of haste
 k - 3 potions of heal wounds
 o - a potion of brilliance
 r - 4 potions of cure mutation
 s - a potion of degeneration {unknown}
 t - 8 potions of curing
 v - 8 potions of agility
 z - 2 potions of might {unknown}
 A - 3 potions of ambrosia {unknown}
 G - 2 potions of invisibility {unknown}
 H - a potion of lignification {unknown}
 K - a potion of cancellation {unknown}
Books
 w - a book of Party Tricks

   Spells                             Type                      Level
   a - Summon Butterflies             Summoning                    1
   b - Apportation                    Translocation                1
   c - Tukima's Dance                 Hexes                        3
   d - Alistair's Intoxication        Transmutation/Poison         4
   e - Invisibility                   Hexes                        6


   Skills:
 - Level 5.0 Fighting
 - Level 10.0 Short Blades
 - Level 2.0 Armour
 + Level 8.8 Dodging
 - Level 7.0 Stealth
 + Level 7.5 Spellcasting
 + Level 14.0 Hexes
 + Level 9.5 Necromancy
 - Level 3.0 Ice Magic
 + Level 2.8 Evocations


You had 4 spell levels left.
You knew the following spells:

 Your Spells              Type           Power        Failure   Level  Hunger
a - Mass Confusion        Hex            ######....   4%          6    ######.
b - Ensorcelled Hibernat  Hex/Ice        #####.       1%          2    None
c - Confuse               Hex            ######..     1%          3    None
d - Animate Dead          Necr           N/A          1%          4    ###....
e - Invisibility          Hex            ######..     4%          6    ######.
f - Apportation           Tloc           #.........   6%          1    None


Dungeon Overview and Level Annotations

Branches:
Dungeon (11/15)            Temple (1/1) D:5            Lair (3/8) D:11
 Shoals (0/5) Lair:3        Snake (1/5) Lair:3          Orc (4/4) D:10
    Elf (0/3) Orc:3

Altars:
Ashenzari
Cheibriados
Dithmenos
Elyvilon
Fedhas
Gozag
Kikubaaqudgha
Makhleb
Nemelex Xobeh
Okawaru
Qazlal
Ru
Sif Muna
Trog
Vehumet
Xom
Yredelemnul
Zin
The Shining One

Shops:
D:10 [(


Innate Abilities, Weirdness & Mutations

You heal slowly.
You can bottle blood from corpses.
You have razor-sharp teeth.
You have supernaturally acute eyesight.
You can survive without breathing.


Message History

The orc warrior hits you from afar with a halberd!
* * * LOW HITPOINT WARNING * * *
Your orc zombie barely misses the orc warrior.
The orc warrior throws a tomahawk.
The tomahawk barely misses you.
Your orc zombie barely misses the orc warrior.
Your orc zombie hits the orc knight from afar with a trident.
Your orc zombie hits the orc warrior but does no damage.
Your orc zombie hits the orc knight but does no damage.
The orc warrior barely misses your orc zombie.
The orc knight hits your orc zombie with a long sword of distortion.
Your orc zombie blinks!
Your orc zombie hits the orc warrior from afar with a glaive!
Your orc zombie hits the orc warrior.
Items here: ( ) [ † a tomahawk; a short sword of venom; a plate armour; an orc corpse Your orc zombie closely misses the orc warrior.
Your orc zombie hits the orc warrior but does no damage.
The orc warrior hits you from afar with a halberd!!
You die...
Kikubaaqudgha rasps: "You have failed me!
Welcome... oblivion!"

#.............. ...
#.....((........
....#..........#....#
#.#.#.#)ZZ)............#
.......)..............#
.......)Zo(.).[.....#.#..
....o.ZZ)((.).....#.....
.#.#.#o......).....#.#.#
.....#..@).(...)).....# ...
#....)..........#.#. ##
#....)))............
#....)..............
#..).........#..o.# ######
######).........#..o.. .....#
##..[.).[.......#.....# ....##
#...).)...#..........#
.....######..).)).#)..$.......#


You could see an orc knight (confused), 2 orc warriors, 2 friendly orc zombies
and 3 friendly orc zombies.

Vanquished Creatures
  3 orc high priests (Orc:4)
  An orc knight (Orc:4)
  A manticore (Lair:3)
  A griffon (Lair:3)
  3 ugly things (D:11)
  7 black mambas (Lair:3)
  Joseph (D:7)
  3 spiny frogs (Lair:2)
  A kobold demonologist (D:11)
  A gargoyle (D:11)
  3 trolls
  3 two-headed ogres
  8 yaks
  A trapdoor spider (D:11)
  Eustachio (D:4)
  A hungry ghost (D:8)
  2 wargs
  A wyvern (D:9)
  A steam dragon (D:11)
  5 hippogriffs
  6 wolves (Lair:1)
  Menkaure (D:5)
  2 porcupines
  11 water moccasins
  13 orc warriors
  4 ice beasts
  2 black bears (D:9)
  2 sky beasts (D:9)
  9 ogres
  3 boring beetles (D:11)
  A crocodile (Lair:3)
  4 centaurs
  7 giant frogs
  A big kobold (D:11)
  17 killer bees
  6 scorpions
  5 crimson imps
  2 goliath beetles
  A giant frog zombie (D:6)
  2 centaur zombies
  6 jellies
  17 orc wizards
  2 giant frog skeletons
  6 hounds
  13 orc priests
  3 iguanas
  4 worker ants
  Ijyb (D:2)
  A hound zombie (D:7)
  Terence (D:2)
  2 hound skeletons
  A mummy (D:10)
  4 gnolls
  A river rat (Lair:1)
  18 adders
  A shadow imp (D:7)
  A giant mite (D:3)
  6 worms
  An adder skeleton (D:4)
  8 giant geckos
  8 oozes
  127 orcs
  4 ball pythons
  A bat zombie (D:5)
  8 giant cockroaches
  21 goblins
  21 hobgoblins
  14 jackals
  9 quokkas
  10 bats
  A giant gecko skeleton (D:6)
  3 giant newts
  24 kobolds
  11 rats
  A butterfly (Lair:3)
507 creatures vanquished.

Vanquished Creatures (collateral kills)
  A yak (Lair:2)
  3 orc warriors
  A boring beetle (D:11)
  A centaur (D:11)
  2 killer bees (D:10)
  A crimson imp (D:10)
  2 orc priests (Orc:4)
  An iguana (Lair:2)
  A mummy (D:10)
  12 orcs
  A rat (D:10)
26 creatures vanquished.

Vanquished Creatures (others)
  2 yak zombies (D:11)
  A two-headed ogre zombie (Orc:3)
  A giant frog zombie (D:11)
  A killer bee zombie (D:10)
  A big kobold zombie (D:11)
  2 ogre zombies
  An ogre skeleton (D:10)
  A worker ant zombie (D:11)
  2 goblin zombies
  2 kobold zombies (D:11)
  10 orc skeletons (Orc:4)
  22 orc zombies
46 creatures vanquished.

Grand Total: 579 creatures vanquished

Notes
Turn   | Place    | Note
--------------------------------------------------------------
     0 | D:1      | Minkie, the Vampire Enchanter, began the quest for the Orb.
     0 | D:1      | Reached XP level 1. HP: 13/13 MP: 3/3
   218 | D:1      | Reached XP level 2. HP: 16/19 MP: 4/4
   222 | D:1      | Learned a level 2 spell: Ensorcelled Hibernation
  1093 | D:2      | Reached XP level 3. HP: 24/24 MP: 6/6
  1354 | D:2      | Reached skill level 5 in Stealth
  1365 | D:2      | Learned a level 3 spell: Confuse
  1393 | D:2      | Noticed Terence
  1611 | D:2      | Killed Terence
  1611 | D:2      | Reached skill level 1 in Ice Magic
  2277 | D:2      | Reached XP level 4. HP: 30/30 MP: 4/7
  2342 | D:2      | Noticed Ijyb
  2378 | D:2      | Killed Ijyb
  2378 | D:2      | Reached skill level 5 in Hexes
  3111 | D:3      | Reached skill level 6 in Stealth
  3111 | D:3      | Reached XP level 5. HP: 26/35 MP: 3/9
  3589 | D:3      | Noticed a phantom
  3800 | D:3      | Found a glowing silver altar of Zin.
  3918 | D:4      | Noticed Eustachio
  3938 | D:4      | Killed Eustachio
  3938 | D:4      | Reached XP level 6. HP: 41/41 MP: 2/10
  4068 | D:5      | Entered Level 5 of the Dungeon
  4676 | D:4      | Reached skill level 5 in Short Blades
  4823 | D:4      | Found a glowing golden altar of the Shining One.
  4915 | D:5      | Found a staircase to the Ecumenical Temple.
  4924 | Temple   | Entered the Ecumenical Temple
  4948 | Temple   | Became a worshipper of Kikubaaqudgha
  5111 | D:5      | Reached XP level 7. HP: 46/46 MP: 12/12
  5231 | D:5      | Reached skill level 7 in Stealth
  5327 | D:5      | Noticed Menkaure
  5372 | D:5      | Killed Menkaure
  5372 | D:5      | Reached skill level 1 in Armour
  6390 | D:5      | Found a snail-covered altar of Cheibriados.
  6390 | D:5      | Found a shattered altar of Ashenzari.
  7246 | D:6      | Reached XP level 8. HP: 40/52 MP: 3/13
  7406 | D:6      | Acquired Kikubaaqudgha's first power
  7406 | D:6      | Received a gift from Kikubaaqudgha
  7407 | D:6      | Identified Kikubaaqudgha's Collected Works on Black Rituals (Kikubaaqudgha gifted it to you on level 6 of the Dungeon)
  8269 | D:7      | Noticed Joseph
  8302 | D:7      | Killed Joseph
  8302 | D:7      | Reached skill level 8 in Short Blades
  8399 | D:7      | Found a burning altar of Makhleb.
  8445 | D:7      | Reached skill level 1 in Necromancy
  8772 | D:8      | Reached skill level 9 in Short Blades
  8900 | D:8      | Reached XP level 9. HP: 57/57 MP: 11/14
  8979 | D:8      | Noticed a troll
  8984 | D:8      | Killed a troll
  9063 | D:8      | Found a stormy altar of Qazlal.
  9274 | D:9      | Found a sacrificial altar of Ru.
  9455 | D:9      | Acquired Kikubaaqudgha's second power
  9534 | D:9      | Reached skill level 10 in Short Blades
  9596 | D:9      | Reached skill level 10 in Hexes
  9646 | D:9      | Reached skill level 1 in Fighting
  9917 | D:9      | Learned a level 6 spell: Mass Confusion
 10243 | D:10     | Entered Level 10 of the Dungeon
 10317 | D:10     | HP: 2/61 [killer bee (7)]
 10576 | D:10     | Reached XP level 10. HP: 61/67 MP: 10/19
 10875 | D:10     | Reached skill level 5 in Necromancy
 11318 | D:10     | Received a gift from Kikubaaqudgha
 11319 | D:10     | Identified Kikubaaqudgha's Grimoire of Evil (Kikubaaqudgha gifted it to you on level 10 of the Dungeon)
 11439 | D:10     | Found Pnioja's Armour Emporium.
 11442 | D:10     | Found a staircase to the Orcish Mines.
 11449 | D:10     | Found Pruchuch's Weapon Emporium.
 11451 | D:10     | Reached skill level 11 in Hexes
 11500 | D:10     | Learned a level 4 spell: Animate Dead
 11569 | D:10     | HP: 2/68 [mummy (8)]
 12082 | D:10     | Bought a +0 cloak for 67 gold pieces
 12653 | D:11     | Noticed a sixfirhy
 12666 | D:11     | Reached skill level 5 in Dodging
 12883 | D:11     | Noticed a red ugly thing
 12883 | D:11     | Noticed a brown ugly thing
 12888 | D:11     | Killed a red ugly thing
 13022 | D:11     | Found a staircase to the Lair.
 13114 | D:11     | Noticed a green ugly thing
 13232 | D:11     | Killed a brown ugly thing
 13232 | D:11     | Reached skill level 5 in Spellcasting
 13244 | D:11     | Killed a green ugly thing
 13244 | D:11     | Reached XP level 11. HP: 67/77 MP: 7/23
 13340 | D:11     | Reached skill level 12 in Hexes
 13516 | D:11     | Acquired Kikubaaqudgha's third power
 13794 | Lair:1   | Entered Level 1 of the Lair of Beasts
 15180 | Lair:2   | Identified a +3 rod of ignition (9/9) (You found it on level 2 of the Lair of Beasts)
 15213 | Lair:2   | Learned a level 6 spell: Invisibility
 15455 | Lair:2   | Reached skill level 5 in Fighting
 15961 | Lair:3   | Found a staircase to the Snake Pit.
 16046 | Lair:3   | Reached skill level 13 in Hexes
 16103 | Lair:3   | Found a staircase to the Shoals.
 16152 | Lair:3   | Acquired Kikubaaqudgha's fourth power
 16173 | Lair:3   | Reached XP level 12. HP: 86/86 MP: 23/26
 16263 | Snake:1  | Entered Level 1 of the Snake Pit
 17327 | Orc:1    | Entered Level 1 of the Orcish Mines
 18582 | Orc:3    | Found a staircase to the Elven Halls.
 18632 | Orc:3    | Reached skill level 1 in Evocations
 19334 | Orc:4    | Entered Level 4 of the Orcish Mines
 19777 | Orc:4    | Learned a level 1 spell: Apportation
 20370 | Orc:4    | Reached skill level 14 in Hexes
 20387 | Orc:4    | Slain by an orc warrior

Action                   |  1- 3 |  4- 6 |  7- 9 | 10-12 || total
-------------------------+-------+-------+-------+-------++-------
Melee: Dagger            |   108 |   185 |   205 |   679 ||  1177
 Cast: Ensorcelled Hiber |    27 |    48 |    98 |   234 ||   407
       Confuse           |     7 |    10 |    18 |    29 ||    64
       Animate Dead      |       |       |       |    14 ||    14
       Mass Confusion    |       |       |       |     6 ||     6
       Invisibility      |       |       |       |    14 ||    14
       Apportation       |       |       |       |     1 ||     1
  Use: Scroll            |       |       |    14 |    10 ||    24
       Potion            |       |       |     4 |     1 ||     5
 Stab: Sleeping          |    21 |    52 |    76 |   187 ||   336
       Confused          |     1 |     3 |    13 |    19 ||    36
       Distracted        |       |     1 |       |     1 ||     2
       Invisible         |       |       |       |    45 ||    45
  Eat: Corpse            |       |       |       |     4 ||     4
